 Dungeon Crawl Stone Soup version 0.29.1-1-gd02db6906a (webtiles) character file.

Game seed: 1309515281176031918

36173 LustLizard the Markself (level 13, -5/71 HPs)
             Began as a Deep Elf Arcane Marksman on Oct 10, 2022.
             Was a High Priest of Hepliaklqana.
             Slain by a five-headed hydra (7 damage)
             ... on level 3 of the Lair of Beasts.
             The game lasted 00:48:44 (21067 turns).

LustLizard the Markself (Deep Elf Arcane Marksman) Turns: 21067, Time: 00:48:44

Health: -5/71      AC: 13    Str:  7    XL:     13   Next: 51%
Magic:  21/29      EV: 15    Int: 32    God:    Hepliaklqana [*****.]
Gold:   183        SH:  0    Dex: 19    Spells: 7/32 levels left

rFire   . . .      SeeInvis .   s - +0 arbalest
rCold   . . .      Faith    .   (shield currently unavailable)
rNeg    . . .      Spirit   .   T - +1 acid dragon scales
rPois   .          Reflect  .   (no helmet)
rElec   .          Harm     .   R - +2 cloak
rCorr   +          Rampage  .   (no gloves)
Will    +....                   D - +2 pair of boots {Fly}
Stlth   +.........              (no amulet)
HPRegen 0.21/turn               Q - +6 ring of intelligence
MPRegen 0.21/turn               P - +6 ring of intelligence

@: swift, flying, quick
A: reduced essence
a: Renounce Religion, Recall Ancestor, Ancestor Identity, Transference, Idealise


You were on level 3 of the Lair of Beasts.
You worshipped Hepliaklqana.
Hepliaklqana was extremely pleased with you.
You visited 3 branches of the dungeon, and saw 16 of its levels.

You collected 843 gold pieces.
You spent 660 gold pieces at shops.

Inventory:

Hand Weapons
 a - a +2 sling
 s - a +0 arbalest (weapon)
 E - a +0 shortbow
Missiles
 C - 2 throwing nets
Armour
 c - a +0 robe
 m - a +0 pair of boots
 y - a +0 cloak
 B - a +0 leather armour
 D - a +2 pair of boots of flying (worn)
 G - +0 steam dragon scales
 R - a +2 cloak (worn)
 T - +1 acid dragon scales (worn)
Jewellery
 d - a ring of magical power
 L - a ring of willpower
 P - a +6 ring of intelligence (right hand)
 Q - a +6 ring of intelligence (left hand)
 U - a ring of flight
 V - the amulet of Elemental Vulnerability {rPois rF-- rC-- AC+8}
   (You found it on level 1 of the Lair of Beasts)

   [amulet of nothing]

   AC:        It affects your AC (+8).
   rF:        It makes you very vulnerable to fire.
   rC:        It makes you very vulnerable to cold.
   rPois:     It protects you from poison.
 W - a ring of poison resistance
Wands
 p - a wand of digging (10)
 H - a wand of mindburst (14)
 K - a wand of light (9)
 M - a wand of flame (3)
 N - a wand of iceblast (4)
 S - a wand of charming (3)
Scrolls
 b - 3 scrolls of poison
 f - a scroll of silence {unknown}
 g - a scroll of vulnerability {unknown}
 h - 7 scrolls of teleportation
 j - 5 scrolls of immolation
 k - 2 scrolls of enchant armour
 l - 5 scrolls of enchant weapon
 q - a scroll of butterflies {unknown}
 u - 3 scrolls of noise {unknown}
 w - a scroll of acquirement
 A - 2 scrolls of magic mapping {unknown}
 I - 2 scrolls of amnesia
 J - a scroll of torment
 O - a scroll of fear
Potions
 e - 3 potions of cancellation
 i - 2 potions of heal wounds
 n - 3 potions of berserk rage
 o - 3 potions of mutation
 r - 3 potions of haste
 t - 5 potions of degeneration
 v - 8 potions of curing
 x - 3 potions of flight
 z - 2 potions of ambrosia
 F - 3 potions of might
 X - a potion of lignification {unknown}
 Y - a potion of brilliance


   Skills:
 + Level 8.6 Fighting
 - Level 18.9 Ranged Weapons
 - Level 7.4 Dodging
 - Level 10.0 Spellcasting
 * Level 9.2 Conjurations
 - Level 4.0 Hexes
 * Level 9.2 Fire Magic
 - Level 4.0 Air Magic
 - Level 2.0 Poison Magic
 + Level 6.1 Invocations
 + Level 6.2 Evocations


You had 7 spell levels left.
You knew the following spells:

 Your Spells              Type           Power      Damage    Failure   Level
a - Slow                  Hex            100%       N/A       1%          1
c - Inner Flame           Hex/Fire       55%        N/A       1%          3
d - Tukima's Dance        Hex            41%        N/A       3%          3
e - Swiftness             Air            41%        N/A       3%          3
f - Mephitic Cloud        Conj/Pois/Air  48%        N/A       2%          3
g - Portal Projectile     Hex/Tloc       56%        N/A       8%          3
h - Fire Storm            Conj/Fire      33%        8d8       100%        9

Your spell library contained the following spells:

 Spells                   Type           Power      Damage    Failure   Level
 Magic Dart               Conj           100%       1d8       1%          1
 Dazzling Flash           Conj/Hex       100%       N/A       1%          3
 Poisonous Vapours        Pois/Air       70%        N/A       2%          2
 Sting                    Tmut/Pois      88%        1d7       3%          1
 Ensorcelled Hibernation  Hex/Ice        56%        N/A       3%          2
 Freeze                   Ice            64%        1d8       6%          1
 Summon Small Mammal      Summ           64%        N/A       6%          1
 Summon Guardian Golem    Hex/Summ       28%        N/A       8%          3
 Call Imp                 Summ           16%        N/A       9%          2
 Passwall                 Tmut/Erth      13%        N/A       9%          2
 Sublimation of Blood     Necr           16%        N/A       9%          2
 Hailstorm                Conj/Ice       45%        3d10      9%          4
 Airstrike                Air            20%        2d(3-19)  11%         4
 Cause Fear               Hex            20%        N/A       11%         4
 Lightning Bolt           Conj/Air       27%        1d44      11%         5
 Call Canine Familiar     Summ           16%        N/A       17%         3
 Frozen Ramparts          Ice            32%        1d5       17%         3
 Irradiate                Conj/Tmut      22%        3d19      24%         5
 Leda's Liquefaction      Hex/Erth       14%        N/A       26%         4
 Olgreb's Toxic Radiance  Pois           28%        N/A       26%         4
 Summon Lightning Spire   Summ/Air       28%        N/A       26%         4
 Silence                  Hex/Air        20%        N/A       30%         5
 Petrify                  Tmut/Erth      16%        N/A       50%         4
 Alistair's Intoxication  Tmut/Pois      14%        N/A       71%         5
 Agony                    Necr           16%        N/A       85%         5
 Blade Hands              Tmut           8%         N/A       85%         5
 Borgnjor's Vile Clutch   Necr/Erth      8%         N/A       85%         5
 Eringya's Noxious Bog    Tmut/Pois      11%        N/A       99%         6
 Chain Lightning          Conj/Air       27%        3d36      100%        9
 Shatter                  Erth           8%         3d10*     100%        9


Dungeon Overview and Level Annotations

Branches:
Dungeon (12/15)            Temple (1/1) D:4            Lair (3/5) D:9
  Swamp (0/4) Lair:2        Snake (0/4) Lair:3          Orc (0/2) D:12

Altars:
Ashenzari
Elyvilon
Gozag
Hepliaklqana
Kikubaaqudgha
Ru
Sif Muna
Trog
Uskayaw
Wu Jian
Xom
Yredelemnul
The Shining One

Shops:
D:6 ((=(   D:9 :

Annotations:
Lair:3 Amaemon


Message History

Aiming: Slow (safe; 1% risk of failure)
Press: ? - help, Shift-Dir - straight line, f/p - five-headed hydra
Aim: a five-headed hydra (ally target, chance to affect: 29%)
The five-headed hydra easily resists.
The five-headed hydra closely misses you.
The five-headed hydra misses you.
The five-headed hydra barely misses you.
The five-headed hydra misses you.
The five-headed hydra bites you but does no damage.
Casting: Slow (safe; 1% risk of failure)
Confirm with . or Enter, or press ? or * to list all spells.
Aiming: Slow (safe; 1% risk of failure)
Press: ? - help, Shift-Dir - straight line, f/p - five-headed hydra
Aim: a five-headed hydra (ally target, chance to affect: 29%)
The five-headed hydra easily resists.
The five-headed hydra bites you!
The five-headed hydra closely misses you.
The five-headed hydra bites you but does no damage. x2
The five-headed hydra bites you.
Stanko hits the five-headed hydra with a +0 flail!
Casting: Slow (safe; 1% risk of failure)
Confirm with . or Enter, or press ? or * to list all spells.
Aiming: Slow (safe; 1% risk of failure)
Press: ? - help, Shift-Dir - straight line, f/p - five-headed hydra
Aim: a five-headed hydra (moderately wounded, ally target, chance to affect: 29%)
The five-headed hydra easily resists.
The five-headed hydra bites you!
The five-headed hydra barely misses you.
The five-headed hydra bites you.
The five-headed hydra bites you but does no damage.
The five-headed hydra bites you!
* * * LOW HITPOINT WARNING * * *
Stanko hits the five-headed hydra with a +0 flail!
Casting: Slow (safe; 1% risk of failure)
Confirm with . or Enter, or press ? or * to list all spells.
You feel quick. The five-headed hydra bites you.
* * * LOW HITPOINT WARNING * * *
The five-headed hydra closely misses you. x2
The five-headed hydra bites you!
* * * LOW HITPOINT WARNING * * *
The five-headed hydra bites you!
You die...

###P.########.....P.........#
..>.........................##
.................^...........#
.................##........###
..#.P.#...###.....P........P#
..P.#..P...#..P............##
÷P..............R..........#
.....##.........D...÷......##
.....####..>....@...........#
..#...##.#.................##
.....##....................P#
..#.........................#
..#...#..........>...#...####
.....................#####
......#......÷.......#
.......#..>..#......##
...P................#


You could see the friendly Stanko the knight and a five-headed hydra (ally
target).

Vanquished Creatures
  Snorg (Lair:3)
  2 hydras
  2 boulder beetles
  A catoblepas (Lair:2)
  3 two-headed ogres
  Pikel (D:6)
  A wolf spider (Lair:3)
  2 cyclopes
  An ugly thing (D:11)
  A manticore (D:9)
  2 elephants (Lair:3)
  An oklob plant (Lair:1)
  2 black mambas (Lair:3)
  7 cane toads
  Maggie (D:7)
  A rime drake (Lair:3)
  7 komodo dragons
  A hornet (Lair:3)
  4 blink frogs (Lair:2)
  4 wyverns
  36 yaks
  Eustachio (D:5)
  A basilisk (D:9)
  2 steam dragons
  5 vampire mosquitoes
  11 water moccasins
  5 orc warriors
  2 ice beasts (D:6)
  4 black bears
  4 centaurs
  9 wolves
  Blork the orc (D:3)
  6 bullfrogs
  A necrophage (D:5)
  A gnoll sergeant (D:11)
  A scorpion (D:6)
  7 wights
  5 killer bees (D:9)
  4 howler monkeys (D:11)
  4 crimson imps (D:11)
  5 hounds
  2 jellies
  Crazy Yiuf (D:2)
  13 orc priests
  An iguana (D:4)
  11 orc wizards
  5 gnolls
  7 adders
  3 white imps (D:6)
  2 ufetubi (D:5)
  5 dart slugs
  35 orcs
  8 bats
  3 bat zombies (D:4)
  11 endoplasms
  5 giant cockroaches
  8 goblins
  6 hobgoblins
  2 jackals (D:4)
  7 kobolds
  6 quokkas
  5 ball pythons
  2 frilled lizards (D:3)
  6 rats
  A rat zombie (D:4)
315 creatures vanquished.

Vanquished Creatures (collateral kills)
  A hydra (Lair:3)
  3 black mambas
  3 cane toads
  A gargoyle (D:12)
  A kobold demonologist (D:9)
  3 komodo dragons
  A troll (D:9)
  A slime creature (D:9)
  Sigmund (D:6)
  11 yaks
  A basilisk (D:9)
  3 vampire mosquitoes (D:10)
  An acid dragon (D:11)
  Edmund (D:5)
  2 water moccasins
  An orc warrior (D:12)
  An ogre (D:5)
  2 black bears (D:6)
  A centaur (D:6)
  5 wolves
  2 phantoms
  4 bullfrogs
  A necrophage (D:6)
  10 wights
  A killer bee (D:9)
  A howler monkey (D:11)
  2 orc priests (D:9)
  An iguana (D:5)
  5 orc wizards
  2 gnolls (D:6)
  A shadow imp (D:6)
  9 orcs
83 creatures vanquished.

Vanquished Creatures (others)
  4 dancing weapons
  10 knights
  2 ancestors
  30 fungi
  94 plants
140 creatures vanquished.

Grand Total: 538 creatures vanquished

Notes
Turn   | Place    | Note
-------+----------+-------------------------------------------
     0 | D:1      | LustLizard the Deep Elf Arcane Marksman began the quest for
                  | the Orb.
     0 | D:1      | Reached XP level 1. HP: 11/11 MP: 5/5
   302 | D:1      | Learned a level 1 spell: Summon Small Mammal
   476 | D:1      | Reached skill level 3 in Ranged Weapons
   487 | D:1      | Reached skill level 1 in Fighting
   487 | D:1      | Reached XP level 2. HP: 3/16 MP: 6/6
  1166 | D:1      | Found a faded altar of an unknown god.
  1202 | D:1      | Reached XP level 3. HP: 14/20 MP: 8/8
  1358 | D:1      | Learned a level 3 spell: Inner Flame
  1815 | D:2      | Reached skill level 4 in Ranged Weapons
  2093 | D:2      | Found a runed translucent door.
  2094 | D:2      | Noticed Crazy Yiuf
  2134 | D:2      | Reached XP level 4. HP: 25/25 MP: 9/9
  3496 | D:2      | Reached skill level 1 in Fire Magic
  3957 | D:3      | Reached XP level 5. HP: 13/30 MP: 11/11
  4535 | D:3      | Reached skill level 5 in Ranged Weapons
  4723 | D:4      | Noticed a black bear
  4743 | D:4      | Killed a black bear
  4744 | D:4      | Reached XP level 6. HP: 35/35 MP: 13/13
  4856 | D:4      | Learned a level 3 spell: Tukima's Dance
  4860 | D:4      | Learned a level 3 spell: Swiftness
  4864 | D:4      | Found a staircase to the Ecumenical Temple.
  4896 | D:4      | Reached skill level 6 in Ranged Weapons
  4941 | Temple   | Entered the Ecumenical Temple
  4982 | Temple   | Became a worshipper of Hepliaklqana the Forgotten
  5039 | D:4      | Noticed Blork the orc
  5072 | D:3      | Killed Blork the orc
  5383 | D:4      | Reached XP level 7. HP: 40/40 MP: 15/15
  5906 | D:4      | Found an ancient bone altar of Kikubaaqudgha.
  5942 | D:5      | Entered Level 5 of the Dungeon
  5948 | D:5      | Noticed Eustachio
  5988 | D:4      | Reached skill level 7 in Ranged Weapons
  5988 | D:4      | Reached skill level 1 in Air Magic
  6454 | D:5      | Reached skill level 5 in Spellcasting
  6766 | D:5      | Found a sacrificial altar of Ru.
  6796 | D:5      | Reached skill level 5 in Dodging
  6796 | D:5      | Reached XP level 8. HP: 38/46 MP: 17/17
  6851 | D:5      | Reached * piety under Hepliaklqana
  7117 | D:5      | Reached skill level 8 in Ranged Weapons
  7314 | D:5      | Killed Eustachio
  7628 | D:5      | Noticed Edmund
  7698 | D:5      | Killed Edmund
  8172 | D:6      | Reached skill level 9 in Ranged Weapons
  8213 | D:6      | Learned a level 3 spell: Mephitic Cloud
  8265 | D:6      | Noticed Pikel
  8283 | D:6      | Killed Pikel
  8284 | D:6      | Reached skill level 1 in Conjurations
  8284 | D:6      | Reached skill level 1 in Poison Magic
  8284 | D:6      | Reached XP level 9. HP: 37/46 MP: 13/20
  8366 | D:6      | Found Sug Qooj's Weapon Shoppe.
  8454 | D:6      | Found Meop's Antique Weapon Emporium.
  8456 | D:6      | Found Ymauw's Antique Weapon Shop.
  8457 | D:6      | Found Piuripotack's Jewellery Shoppe.
  8548 | D:6      | Reached skill level 10 in Ranged Weapons
  8752 | D:6      | Noticed Sigmund
  8757 | D:6      | Killed Sigmund
  8881 | D:6      | Learned a level 3 spell: Portal Projectile
  8901 | D:6      | Reached skill level 11 in Ranged Weapons
  9197 | D:6      | Found a shimmering altar of Xom.
  9675 | D:7      | Reached ** piety under Hepliaklqana
  9676 | D:7      | Remembered your ancestor Stanko as a knight
  9711 | D:7      | Noticed Maggie
  9727 | D:7      | Killed Maggie
  9728 | D:7      | Reached skill level 12 in Ranged Weapons
 10007 | D:7      | Reached skill level 5 in Fighting
 10007 | D:7      | Reached XP level 10. HP: 53/53 MP: 21/23
 10647 | D:8      | Reached skill level 13 in Ranged Weapons
 11194 | D:8      | Found a bloodstained altar of Trog.
 11229 | D:8      | Reached skill level 14 in Ranged Weapons
 11454 | D:9      | Reached *** piety under Hepliaklqana
 11471 | D:9      | Reached skill level 15 in Ranged Weapons
 11618 | D:9      | Reached skill level 16 in Ranged Weapons
 11629 | D:9      | Found a staircase to the Lair.
 11989 | D:9      | Reached XP level 11. HP: 57/57 MP: 26/26
 12078 | D:9      | Noticed a two-headed ogre
 12079 | D:9      | Reached skill level 17 in Ranged Weapons
 12079 | D:9      | Reached skill level 10 in Spellcasting
 12297 | D:9      | Reached skill level 18 in Ranged Weapons
 12392 | D:9      | Found Tirph's Book Emporium.
 12434 | D:9      | Killed a two-headed ogre
 13012 | D:2      | Killed Crazy Yiuf
 13173 | D:10     | Entered Level 10 of the Dungeon
 13771 | D:10     | Reached **** piety under Hepliaklqana
 13793 | D:10     | Noticed a +0 dagger
 13794 | D:10     | Noticed a +0 dagger
 13797 | D:10     | Found a hide-covered altar of Uskayaw.
 14006 | D:9      | Bought a book of Annihilations for 660 gold pieces
 14016 | D:9      | Learned a level 9 spell: Fire Storm
 14051 | D:11     | Reached skill level 1 in Invocations
 14051 | D:11     | Reached skill level 1 in Evocations
 14093 | D:11     | Noticed a two-headed ogre
 14101 | D:11     | Killed a two-headed ogre
 14245 | D:11     | Noticed a boulder beetle
 14792 | D:11     | Noticed a two-headed ogre
 14796 | D:11     | Killed a two-headed ogre
 14869 | D:11     | You are sucked into a shaft and drop 1 floor!
 15019 | D:11     | Found a shimmering altar of Xom.
 15139 | D:11     | Noticed a cyan ugly thing
 15154 | D:11     | Killed a cyan ugly thing
 15343 | D:11     | Noticed a four-headed hydra
 15356 | D:11     | Killed a four-headed hydra
 15727 | D:11     | Killed a boulder beetle
 15728 | D:11     | Reached XP level 12. HP: 64/64 MP: 21/28
 15895 | D:12     | Noticed a four-headed hydra
 15904 | D:12     | Killed a four-headed hydra
 15905 | D:12     | Reached skill level 5 in Conjurations
 15924 | D:12     | Reached skill level 5 in Fire Magic
 15932 | D:12     | HP: 1/64 [vampire mosquito (6)]
 16371 | D:12     | Reached ***** piety under Hepliaklqana
 16394 | D:12     | Found a staircase to the Orcish Mines.
 17100 | Lair:1   | Entered Level 1 of the Lair of Beasts
 17362 | Lair:1   | Found the amulet of Elemental Vulnerability {rPois rF--
                  | rC-- AC+8}
 17575 | Lair:1   | Noticed a boulder beetle
 17585 | Lair:1   | Killed a boulder beetle
 18639 | Lair:2   | Identified the +0 ring mail of Parlour Games {Rampage rC+}
 18969 | Lair:2   | Noticed a catoblepas
 18985 | Lair:2   | Killed a catoblepas
 18986 | Lair:2   | Reached skill level 5 in Invocations
 18991 | Lair:2   | Reached skill level 5 in Evocations
 19067 | Lair:2   | Reached XP level 13. HP: 51/70 MP: 24/29
 19067 | Lair:2   | Found a staircase to the Swamp.
 19862 | Lair:2   | Identified a scroll of acquirement
 19882 | Lair:3   | Noticed Amaemon
 20364 | Lair:3   | Noticed Snorg
 20631 | Lair:3   | Killed Snorg
 20744 | Lair:3   | Found a staircase to the Snake Pit.
 21067 | Lair:3   | HP: 2/71 [five-headed hydra (13)]
 21067 | Lair:3   | Slain by a five-headed hydra

Illustrated notes

Levels and vault maps discovered:
D:1:      dpeg_arrival_water_fire, layout_rooms,
          shapermc_ecumenical_altar_totnotflames
D:2:      layout_loops_ring, grunt_ministairs_9, uniq_crazy_yiuf_cottage
D:3:      layout_rooms
D:4:      layout_basic, lemuel_zombie_altar_kikubaaqudgha,
          minmay_temple_entry_overgrown, uniq_blork_the_orc
D:5:      layout_gridville, mainiacjoe_overflow_concentric_impassable,
          nicolae_hexahallways, st_stairs_11, minmay_fractal_squares_diagonal_5,
          uniq_eustachio, uniq_edmund
D:6:      layout_rooms, lemuel_tele_altar, nicolae_wooded_promenade,
          grunt_ministairs_3, hangedman_decor_slide_cut, minmay_manual_mares,
          uniq_pikel, uniq_sigmund
D:7:      layout_loops_cross, uniq_maggie
D:8:      layout_cave_pools, mainiacjoe_overflow_cross_hatched,
          kennysheep_generic_room_13
D:9:      layout_irregular_city, david_lair_generic, nicolae_take_the_stairs,
          minmay_checkerbox
D:10:     layout_basic, dancing_weapons_uskayaw
D:11:     layout_loops_corners, led_xom_imps
D:12:     layout_layer_cave, david_orc_5
Temple:   bh_familiar_temple
Lair:1:   minmay_lair_oklob_chamber, layout_concentric_octagons,
          chequers_serial_rivers_small_b
Lair:2:   layout_roguey, minmay_swamp_entry_reptiles
Lair:3:   minmay_lair_venomous_thicket, layout_gridlike,
          minmay_snake_entry_six_corridors, uniq_amaemon, uniq_snorg

Skill      XL: |  1  2  3  4  5  6  7  8  9 10 11 12 13 |
---------------+----------------------------------------+-----
Ranged Weapons | 3 4 5 6 7 9 12 16 18 | 18.9
Fighting       | 1 2 3 4 5 6 7 8 |  8.6
Spellcasting   | 2 3 4 5 6 7 9 10 | 10.0
Dodging        | 3 4 5 6 7 |  7.4
Fire Magic     | 1 2 4 7 9 |  9.2
Air Magic      | 2 4 |  4.0
Conjurations   | 1 2 4 7 9 |  9.2
Poison Magic   | 1 2 |  2.0
Invocations    | 3 5 6 |  6.1
Evocations     | 3 5 6 |  6.2
Hexes          | |  4.0

Action                   |  1- 3 |  4- 6 |  7- 9 | 10-12 | 13-15 || total
-------------------------+-------+-------+-------+-------+-------++-------
 Fire: Sling             |   126 |   177 |   311 |       |       ||   614
       Arbalest          |       |     1 |       |   372 |   143 ||   516
       Shortbow          |       |       |    82 |   290 |       ||   372
 Cast: Slow              |     5 |    25 |    33 |    42 |    20 ||   125
       Summon Small Mamm |     4 |     7 |     3 |     1 |       ||    15
       Inner Flame       |       |     2 |     7 |     9 |     1 ||    19
       Tukima's Dance    |       |       |    12 |    37 |       ||    49
       Swiftness         |       |       |     2 |     6 |     2 ||    10
       Mephitic Cloud    |       |       |     1 |     4 |     2 ||     7
       Portal Projectile |       |       |       |     2 |       ||     2
Invok: Ancestor Life: Kn |       |       |     1 |       |       ||     1
       Recall Ancestor   |       |       |       |     6 |     5 ||    11
  Use: Scroll            |       |     3 |     3 |    11 |     4 ||    21
       Potion            |       |       |     1 |     5 |       ||     6
Armor: Robe              |     8 |    20 |    20 |       |       ||    48
       Leather armour    |       |       |    10 |       |       ||    10
       Steam dragon scal |       |       |     5 |    15 |       ||    20
       Acid dragon scale |       |       |       |    57 |    23 ||    80
Dodge: Dodged            |    25 |    70 |    98 |   238 |    40 ||   471
